 Dungeon Crawl Stone Soup version 0.30-a0-364-gf6b3ef1049 (webtiles) character file.

Game seed: 6126050669734480915

93 LnG the Sneak (level 4, 0/24 HPs)
             Began as a Kobold Summoner on Nov 14, 2022.
             Killed by divine providence
             ... invoked by an orc priest
              (10 damage)
             ... on level 2 of the Dungeon.
             The game lasted 00:05:45 (2132 turns).

LnG the Sneak (Kobold Summoner)                     Turns: 2132, Time: 00:05:45

Health: 0/24       AC:  2    Str:  5    XL:     4   Next: 92%
Magic:  4/7        EV: 15    Int: 18    God:
Gold:   51         SH:  0    Dex: 15    Spells: 1/7 levels left

rFire   . . .      SeeInvis .    f - +1 dagger
rCold   . . .      Faith    .    (no shield)
rNeg    . . .      Spirit   .    a - +0 robe
rPois   .          Reflect  .    (no helmet)
rElec   .          Harm     .    (no cloak)
rCorr   .          Rampage  .    (no gloves)
Will    .....                    (no boots)
Stlth   ++++......               (no amulet)
HPRegen 0.24/turn                (no ring)
MPRegen 0.10/turn                (no ring)

@: no status effects
A: small, no large weapons, nightstalker 3
a: no special abilities


You were on level 2 of the Dungeon.
You visited 1 branch of the dungeon, and saw 3 of its levels.

You collected 130 gold pieces.
You spent 79 gold pieces at shops.

Inventory:

Hand Weapons
 f - a +1 dagger (weapon)
Armour
 a - a +0 robe (worn)
Jewellery
 i - an amulet of guardian spirit
Scrolls
 h - a scroll of enchant weapon
 l - 2 scrolls of vulnerability
 m - a scroll of butterflies
 o - a scroll of summoning {unknown}
Potions
 b - a potion of magic
 c - a potion of cancellation
 d - 2 potions of heal wounds
 e - a potion of mutation {unknown}
 g - a potion of curing
 j - a potion of ambrosia {unknown}
 k - a potion of degeneration {unknown}
 n - a potion of attraction {unknown}


   Skills:
 + Level 0.9 Short Blades
 * Level 3.4 Dodging
 * Level 5.0 Stealth
 + Level 2.3 Spellcasting
 + Level 4.4 Summonings


You had one spell level left.
You knew the following spells:

 Your Spells              Type           Power      Damage    Failure   Level
a - Summon Small Mammal   Summ           68%        N/A       3%          1
b - Call Imp              Summ           17%        N/A       4%          2
c - Call Canine Familiar  Summ           17%        N/A       9%          3

Your spell library contained the following spells:

 Spells                   Type           Power      Damage    Failure   Level
 Summon Guardian Golem    Hex/Summ       10%        N/A       22%         3
 Ensorcelled Hibernation  Hex/Ice        4%         N/A       26%         2
 Inner Flame              Hex/Fire       2%         N/A       45%         3
 Spider Form              Tmut/Pois      2%         N/A       45%         3
 Summon Lightning Spire   Summ/Air       10%        N/A       56%         4
 Anguish                  Hex/Necr       1%         N/A       86%         4
 Flame Wave               Conj/Fire      2%         2d4       86%         4
 Sticky Flame             Conj/Fire      2%         2d3       86%         4


Dungeon Overview and Level Annotations

Branches:
Dungeon (3/15)

Altars:

Shops:
D:1 !   D:2 *   D:3 (


Innate Abilities, Weirdness & Mutations

You are small and have problems with some larger weapons.
You are completely attuned to the shadows.


Message History

The orc priest barely misses you.
You climb upwards.
There is a stone staircase leading down here.
You hit the orc priest but do no damage.
The orc priest miscasts a cantrip.
You hit the orc priest.
The orc priest is moderately wounded.
The orc priest looks braver for a moment.
You hit the orc priest but do no damage.
The orc priest is moderately wounded.
The orc priest miscasts a cantrip.
You hit the orc priest but do no damage.
The orc priest is moderately wounded.
The orc priest hits you with a +0 hand axe!
You hit the orc priest.
The orc priest is heavily wounded.
The orc priest barely misses you.
You barely miss the orc priest.
The orc priest is heavily wounded.
The orc priest calls down the wrath of Beogh upon you.
Beogh smites you!
Ouch! That really hurt!
* * * LOW HITPOINT WARNING * * *
You hit the orc priest but do no damage.
The orc priest is heavily wounded.
The orc priest barely misses you.
You feel much better.
The orc priest hits you with a +0 hand axe.
Unknown command.
Casting: Summon Small Mammal (safe; 3% risk of failure)
Confirm with . or Enter, or press ? or * to list all spells.
The spell is quite dangerous to miscast (9% risk of failure)!
Continue anyway?
The orc priest invokes the aid of Beogh against you.
Beogh smites you!
You closely miss the orc priest.
The orc priest is heavily wounded.
Your hound closely misses the orc priest.
The orc priest mumbles some strange prayers to Beogh against you.
Beogh smites you!
You die...

#.# #.......# #..# ###.###
#.......# ##.# #.....#
#.......# #.# #.#.#.#
#.......# ####.# #.#.#.#
#.......# #....# #.#.#.#
####.#### #.#### #.....#
##...######.# ###.###
##.........#.# #.#
##.)@o..^##.#†# #.#
#...h.....#.#.#
#######.#####.........#.#.#
###
.....##......<.........)..#
#..
##........####.......##.###
##.# ##...####.#
##.........# #†..
#.........# ##...######
#... #....÷.#..# #...#
#######..# #.#..#.#..#
#...# #..†......


You could see an orc priest (ally target) and a friendly hound (summoned).

Vanquished Creatures
  3 adders
  2 worms (D:2)
  2 dart slugs (D:1)
  5 endoplasms
  3 giant cockroaches
  6 goblins
  3 hobgoblins
  A kobold (D:2)
  A quokka (D:1)
  7 ball pythons
  4 frilled lizards
  7 rats
44 creatures vanquished.

Vanquished Creatures (collateral kills)
  A worm (D:2)
  A dart slug (D:2)
  2 giant cockroaches
  A goblin (D:1)
  2 hobgoblins
  A frilled lizard (D:2)
8 creatures vanquished.

Grand Total: 52 creatures vanquished

Notes
Turn   | Place    | Note
-------+----------+-------------------------------------------
     0 | D:1      | LnG the Kobold Summoner began the quest for the Orb.
     0 | D:1      | Reached XP level 1. HP: 10/10 MP: 3/3
   235 | D:1      | Reached XP level 2. HP: 15/15 MP: 5/5
   238 | D:1      | Learned a level 2 spell: Call Imp
   240 | D:1      | Found Kyuthauh's Distillery.
   243 | D:1      | Reached skill level 3 in Stealth
   246 | D:1      | Bought a potion of curing for 33 gold pieces
   431 | D:1      | Reached XP level 3. HP: 19/19 MP: 6/6
   445 | D:1      | Learned a level 3 spell: Call Canine Familiar
   990 | D:2      | Reached skill level 4 in Stealth
  1172 | D:2      | Noticed a nameless horror
  1363 | D:2      | Reached XP level 4. HP: 24/24 MP: 7/7
  1614 | D:2      | Found Hunuew's Assorted Antiques.
  1623 | D:2      | Bought a scroll of identify for 46 gold pieces
  1811 | D:3      | Found Wughef's Antique Weapon Emporium.
  1836 | D:3      | HP: 1/24 [poisoned by an adder]
  2045 | D:3      | Reached skill level 5 in Stealth
  2132 | D:2      | Killed from afar by an orc priest

Illustrated notes

Levels and vault maps discovered:
D:1:      evilmike_arrival_home_sweet_home, layout_loops_ring, serial_shops,
          nicolae_square_shop
D:2:      layout_loops_cross, serial_shops, shop_statue
D:3:      cheibrodos_pilgrimage, layout_basic, serial_shops,
          nicolae_shop_crystal, uniq_terence

Skill      XL: |  1  2  3  4 |
---------------+-------------+-----
Stealth        | 3 4 5 |  5.0
Dodging        | 3 |  3.4
Short Blades   | |  0.9
Spellcasting   | |  2.3
Summonings     | |  4.4

Action                   |  1- 3 |  4- 6 || total
-------------------------+-------+-------++-------
Melee: Unarmed           |     3 |       ||     3
       Dagger            |    88 |    54 ||   142
 Cast: Summon Small Mamm |     6 |     1 ||     7
       Call Canine Famil |     4 |     2 ||     6
       Call Imp          |     1 |       ||     1
  Use: Scroll            |     4 |     3 ||     7
       Potion            |       |     2 ||     2
 Stab: Sleeping          |    15 |     8 ||    23
       Distracted        |     1 |     1 ||     2
Armor: Robe              |     6 |    11 ||    17
Dodge: Dodged            |    58 |    21 ||    79

Table legend: (Time is in decaauts)
 A = Elapsed time spent in this place.
 B = Non-inter-level travel time spent in this place.
 C = Inter-level travel time spent in this place.
 D = Time resting spent in this place.
 E = Time spent auto-exploring this place.
 F = Levels seen in this place.
 G = Mean time per level.
                   A        B        C        D        E       F      G
               +--------+--------+--------+--------+--------+-----+--------+
         Total |   2128 |   2095 |     33 |    174 |   1375 |   3 |  709.3 |
       Dungeon |   2128 |   2095 |     33 |    174 |   1375 |   3 |  709.3 |
               +--------+--------+--------+--------+--------+-----+--------+

Top non-repeatable levels by time:
     D:2: 1006 daAuts
     D:1: 795 daAuts
     D:3: 326 daAuts
